 Dungeon Crawl Stone Soup version 0.13-a0-1536-gedae9ec (webtiles) character file.

588 Kae the Cudgeler (level 6, -1/53 HPs)
             Began as a Minotaur Berserker on June 9, 2013.
             Was a Priest of Trog.
             Slain by an iguana (10 damage)
             ... on Level 4 of the Dungeon on June 10, 2013.
             The game lasted 00:02:16 (2930 turns).

Kae the Cudgeler (Minotaur Berserker)               Turns: 2930, Time: 00:02:16

HP  -1/53        AC  5     Str 23      XL: 6   Next: 58%
MP   2/2         EV 12     Int  4      God: Trog [***...]
Gold 178         SH  0     Dex 10      Spells:  0 memorised,  5 levels left

Res.Fire  : + . .   See Invis. : .   a - +0 mace
Res.Cold  : . . .   Warding    : .   D - +2 orc leather armour {rF+}
Life Prot.: . . .   Conserve   : .   (no shield)
Res.Poison: .       Res.Corr.  : .   (helmet restricted)
Res.Elec. : .       Clarity    : .   (no cloak)
Sust.Abil.: . .     Spirit.Shd : .   (no gloves)
Res.Mut.  : .       Stasis     : .   (no boots)
Res.Rott. : .       Flight     : .   (no amulet)
Saprovore : . . .                    (no ring)
                                     (no ring)

@: regenerating, mildly poisoned, quite resistant to hostile enchantments, very
unstealthy
A: retaliatory headbutt, horns 2
a: Burn Spellbooks, Berserk, Trog's Hand, Renounce Religion


You were on level 4 of the Dungeon.
You worshipped Trog.
Trog was greatly pleased with you.
You were hungry.

You visited 1 branch of the dungeon, and saw 4 of its levels.

You collected 158 gold pieces.

Inventory:

Hand weapons
 a - a +0,+0 mace (weapon)
Armour
 b - a +0 animal skin
 D - a +2 orcish leather armour of fire resistance (worn)
Magical devices
 n - a wand of fireball (1) {unknown}
Comestibles
 c - 3 bread rations
 f - 4 meat rations
 j - an apple
 C - 4 rotting chunks of orc flesh
Scrolls
 e - 3 scrolls of identify {unknown}
 g - a scroll of amnesia {unknown}
 h - 3 scrolls of teleportation {unknown}
 i - a scroll of random uselessness {unknown}
 o - 3 scrolls of fog {unknown}
 r - a scroll of enchant weapon II {unknown}
 t - a scroll of curse weapon {unknown}
 u - a scroll of blinking {unknown}
 w - 2 scrolls of enchant weapon I {unknown}
 x - 3 scrolls of remove curse {unknown}
 y - a scroll of fear {unknown}
 E - a scroll of recharging {unknown}
Jewellery
 l - an uncursed ring of wizardry {unknown}
 q - a cursed ring of poison resistance {unknown}
 F - an uncursed amulet of resist mutation {unknown}
Potions
 d - a potion of mutation {unknown}
 k - 3 potions of curing
 m - a potion of poison {unknown}
 p - 2 potions of speed {unknown}
 s - a potion of heal wounds {unknown}
 z - a potion of brilliance {unknown}
 A - a potion of restore abilities {unknown}
Books
 v - a book of Cantrips

   Spells                             Type                      Level
   Confusing Touch                    Hexes                        1
   Animate Skeleton                   Necromancy                   1
   Summon Small Mammal                Summoning                    1
   Apportation                        Translocation                1
   Trog disapproves of the use of such an item.


   Skills:
 + Level 5.0 Fighting
 * Level 6.2 Maces & Flails
 + Level 4.6 Armour
 + Level 3.8 Dodging


You had 5 spell levels left.
You didn't know any spells.

Dungeon Overview and Level Annotations

Branches:
Dungeon (4/27)
 Temple: D:4-7

Altars:


Innate Abilities, Weirdness & Mutations

You reflexively headbutt those who attack you in melee.
You have a pair of horns on your head.


Message History

Your skin crawls.
You feel resistant to hostile enchantments.
You feel slightly more hungry.
* * * LOW HITPOINT WARNING * * *
You feel sick. The iguana completely misses you. The worker ant misses you.
Unknown command.
You sock the worker ant!
You kill the worker ant!
Trog accepts your kill. The iguana bites you!
* * * LOW HITPOINT WARNING * * *
Unknown command.
You hit the iguana but do no damage. Your headbutt misses the iguana.
The iguana bites you but does no damage.
The iguana closely misses you. You furiously retaliate!
You headbutt the iguana! You hit the iguana.
The iguana is almost dead.
The iguana bites you!
You die...

#### #... #...########
.###......#...#
.....?.l@.....#
#...###%......# ##...####
###.# #.# #.# #.# #####
#######.# #####
#...###...#...#######...#


You could see an iguana.

Vanquished Creatures
  An ogre (D:4)
  A giant frog (D:4)
  2 orc wizards
  2 worker ants (D:4)
  7 adders
  2 giant mites
  A worm (D:4)
  3 giant geckos
  8 orcs
  2 ball pythons (D:3)
  12 hobgoblins
  5 jackals
  5 kobolds
  2 quokkas (D:3)
  6 bats
  2 giant cockroaches
  2 giant newts
  11 goblins
  7 rats
  A rat skeleton (D:4)
82 creatures vanquished.

Vanquished Creatures (others)
  A kobold (D:2)
1 creature vanquished.

Grand Total: 83 creatures vanquished

Notes
Turn   | Place    | Note
--------------------------------------------------------------
     0 | D:1      | Kae, the Minotaur Berserker, began the quest for the Orb.
     0 | D:1      | Reached XP level 1. HP: 19/19 MP: 0/0
   354 | D:1      | Reached skill level 4 in Maces & Flails
   354 | D:1      | Reached XP level 2. HP: 26/26 MP: 0/0
   714 | D:1      | Acquired Trog's second power
   834 | D:2      | Reached XP level 3. HP: 30/33 MP: 1/1
  1307 | D:3      | Reached skill level 5 in Maces & Flails
  1307 | D:3      | Reached XP level 4. HP: 30/40 MP: 1/1
  2134 | D:3      | Reached XP level 5. HP: 39/46 MP: 1/1
  2487 | D:4      | Noticed an ogre
  2495 | D:4      | Killed an ogre
  2495 | D:4      | Reached XP level 6. HP: 43/53 MP: 2/2
  2499 | D:4      | Reached skill level 5 in Fighting
  2499 | D:4      | Reached skill level 6 in Maces & Flails
  2930 | D:4      | Slain by an iguana

Action                   |  1- 3 |  4- 6 || total
-------------------------+-------+-------++-------
Melee: Mace              |    73 |   109 ||   182
Invok: Berserk           |     1 |     1 ||     2
       Trog's Hand       |       |     1 ||     1
  Use: Potion            |     1 |       ||     1
